[Event "1st Serbian League 2022"]
[Site "Vrnjacka Banja"]
[Date "2022.09.22"]
[Round "3.4"]
[White "Roganovic, Milos"]
[Black "Milosevic, Milos"]
[Result "1/2-1/2"]
[WhiteElo "2487"]
[BlackElo "2379"]
[Annotator "TA"]
[PlyCount "31"]
[EventDate "2022.09.20"]
[EventType "team-tourn"]
[EventCountry "SRB"]
[SourceTitle "playchess.com"]
[Source "ChessBase"]
[SourceQuality "1"]
[TimeControl "40/5400+30:1800+30"]

1. e4 e6 2. d4 d5 3. e5 c5 4. c3 Nc6 5. Nf3 Qb6 6. Be2 Nh6 7. Bxh6 Qxb2 {[%emt 0:00:58] [#] C02: French: Advance Variation.} (7... gxh6 $14 8. Qd2 Bg7) 8. Bxg7 $2 Bxg7 $15 9. Nbd2 Qxc3 {[%emt 0:01:50] [#]} {Predecessor:} 10. Rc1 $146 Qa3 11. Rxc5 Qxa2 12. O-O a5 13. Rc2 Qa4 14. Qb1 Qb4 15. Qa1 Bf8 16. Rb1 {½-½ (24) Palomares Cortez,T (1085)-Rodriguez Sanchez,J (1623) Collado Villalba 2021} 1/2-1/2

[Event "1st Serbian League 2022"]
[Site "Vrnjacka Banja"]
[Date "2022.09.22"]
[Round "3.5"]
[White "Markovic, Miroslav"]
[Black "Zajic, Milan"]
[Result "1/2-1/2"]
[ECO "A00"]
[WhiteElo "2275"]
[BlackElo "2402"]
[Annotator "TA"]
[PlyCount "59"]
[EventDate "2022.09.20"]
[EventType "team-tourn"]
[EventCountry "SRB"]
[SourceTitle "playchess.com"]
[Source "ChessBase"]
[SourceQuality "1"]
[TimeControl "40/5400+30:1800+30"]

1. d3 e5 2. c3 Nc6 3. e4 d5 4. Nd2 g6 5. Ngf3 Nge7 6. Be2 {[%emt 0:01:05] A00: Irregular Openings.} (6. b4 $5 ) 6... Bg7 7. O-O a5 8. a4 {[%emt 0:01:56] The position is equal.} O-O 9. Re1 {[%emt 0:00:39] [#]} d4 $146 ({Predecessor:} 9... h6 10. Qc2 Be6 11. b3 Qd7 12. Ba3 Rfe8 13. Rad1 Rad8 14. Bf1 Qc8 15. b4 d4 {½-½ (36) Babijczuk,P (1894)-Gokhale,R (2076) Krakow 2015}) 10. Nc4 h6 11. cxd4 exd4 12. b3 Nb4 13. Rf1 (13. Bf4 $11) 13... f5 $15 14. Nfd2 fxe4 15. Nxe4 Ned5 16. Ba3 Nc3 17. Qd2 Nxe4 18. dxe4 b6 $2 {[%emt 0:04:38] [#]} (18... d3 $15 {stays ahead.} 19. Bxd3 Bxa1 20. Bxb4 axb4 21. Rxa1 Qd4) 19. Bxb4 axb4 20. Bd3 {[%emt 0:00:04] White is more active.} Qe7 21. f4 Be6 22. Rae1 Rad8 23. Qc2 ({White should play} 23. e5) 23... Kh8 $16 24. Nd2 Bc8 (24... Bg8 $16 {was necessary.}) 25. e5 $18 Bf5 26. Bxf5 gxf5 27. Qd3 Qe6 28. Rc1 Rf7 29. Rc4 ({Better is} 29. Qb5 $18) 29... Bf8 $16 30. Kh1 {[%emt 0:05:58] Weighted Error Value: White=0.13 (very precise) /Black=0.18 (very precise)} ({But not} 30. Rxd4 $2 Rxd4 31. Qc2 (31. Qxd4 $2 {is the wrong capture.} Bc5 $19) 31... Rfd7 $19) 1/2-1/2

[Event "1st Serbian League 2022"]
[Site "Vrnjacka Banja"]
[Date "2022.09.22"]
[Round "3.6"]
[White "Stankovic, Milos"]
[Black "Vratonjic, Slobo"]
[Result "1/2-1/2"]
[ECO "B48"]
[WhiteElo "2439"]
[BlackElo "2253"]
[Annotator "TA"]
[PlyCount "56"]
[EventDate "2022.09.20"]
[EventType "team-tourn"]
[EventCountry "SRB"]
[SourceTitle "playchess.com"]
[Source "ChessBase"]
[SourceQuality "1"]
[TimeControl "40/5400+30:1800+30"]

1. e4 c5 2. Nf3 e6 3. d4 cxd4 4. Nxd4 Nc6 5. Nc3 Qc7 6. Be3 a6 7. g4 $1 {[%emt 0:00:30][%mdl 4] is currently scoring better than 7.Qd2. B48: Sicilian: Taimanov: 5 Nc3 Qc7 6 Be3 a6 without Be2.} b5 8. Nxc6 Qxc6 9. Qd2 {[%emt 0:03:31] White has an edge.} b4 10. Ne2 Nf6 (10... Qxe4 $11 11. Rg1 Qb7) 11. f3 $14 h6 12. O-O-O {[%emt 0:03:18] [#]} Be7 $146 (12... Bb7 $14) ({Predecessor:} 12... Bb7 13. Nd4 Qc7 14. Bd3 e5 15. Nb3 d5 16. exd5 Nxd5 17. Be4 O-O-O 18. Qe2 Be7 19. Bxd5 Rxd5 20. Rxd5 Bxd5 21. Qxa6+ {1-0 (49) Lorenzo de la Riva,L (2429)-Pogorelov,R (2334) Barcelona 2022}) 13. Nf4 ({Better is} 13. Kb1 $16) 13... Bb7 14. Bd3 e5 15. Nh5 Nxh5 16. gxh5 d5 {[%emt 0:02:18] Prevents Bc4.} 17. Qg2 d4 18. Bd2 ({Don't blunder} 18. Qxg7 $2 Bf6 19. Qg1 dxe3 $19) 18... a5 (18... Bf6 $14) 19. Kb1 ({Only move:} 19. Qxg7 $16 Bf6 20. Qg2) 19... Bf6 $11 20. f4 Ba6 (20... O-O $11 {keeps the balance.}) 21. Qg3 (21. fxe5 $16 Bxe5 22. Rdf1) 21... Qc7 22. Rhg1 O-O 23. Rdf1 {[%emt 0:03:41] [#] Hoping for fxe5.} Rfc8 24. fxe5 Bxe5 25. Bf4 f6 26. Bxe5 fxe5 27. Qg6 Bxd3 28. cxd3 {[%emt 0:00:08] [#] Threatens to win with Qxh6. Really sharp!} Kh8 {[%emt 0:03:17] Weighted Error Value: White=0.21 (precise) /Black=0.20 (precise)} 1/2-1/2

[Event "1st Serbian League 2022"]
[Site "Vrnjacka Banja"]
[Date "2022.09.22"]
[Round "3.7"]
[White "Ter-Sahakyan, Samvel"]
[Black "Yilmazyerli, Mert"]
[Result "1/2-1/2"]
[ECO "B31"]
[WhiteElo "2630"]
[BlackElo "2533"]
[Annotator "TA"]
[PlyCount "92"]
[EventDate "2022.09.20"]
[EventType "team-tourn"]
[EventCountry "SRB"]
[SourceTitle "playchess.com"]
[Source "ChessBase"]
[SourceQuality "1"]
[TimeControl "40/5400+30:1800+30"]

1. e4 c5 2. Nf3 Nc6 3. Bb5 g6 4. O-O Bg7 5. c3 Nf6 6. Re1 O-O 7. d4 d5 $1 {[%emt 0:00:42][%mdl 4] outshines the older 7...cxd4.} 8. e5 Ne4 9. Be3 {[%emt 0:04:15] B31: Sicilian: 2...Nc6 3 Bb5 g6.} cxd4 10. cxd4 Qb6 11. Qe2 Bd7 12. Ba4 Rac8 13. Nc3 {[%emt 0:06:09] [#]} Be6 $146 ({Predecessor:} 13... Nxc3 14. bxc3 Qd8 15. Bb3 Na5 16. Rac1 Nxb3 17. axb3 Qb6 18. Qa2 a5 19. Qa3 Rfe8 {0-1 (49) Caruana,F (2792)-Carlsen,M (2865) Wijk aan Zee 2022}) 14. Rac1 Na5 15. Ng5 (15. Nxe4 {seems wilder.} dxe4 16. d5 Qb4 17. dxe6 Rxc1 18. exf7+ Rxf7 19. Bxc1 exf3 20. Qe4) 15... Nxg5 16. Bxg5 Rc7 17. Qb5 Qxb5 18. Nxb5 Rxc1 19. Rxc1 Nc6 20. Be3 $36 {[%emt 0:02:39][%mdl 2048] White has good play.} Rc8 {[%emt 0:02:07] Inhibits Nc7.} 21. Rc5 b6 22. Rc1 Bf5 23. Bb3 Be6 24. Ba4 Bf5 25. Bb3 Be6 26. Nc3 {[%emt 0:00:14] White is more active.} Nb4 27. Rd1 Rd8 28. f4 h5 29. h3 Bh6 30. a3 Nc6 31. Kf2 Kg7 32. Kf3 h4 33. Bf2 g5 34. f5 Bxf5 35. Bxd5 Na5 36. Be4 e6 (36... Bd7 $11) 37. Bxf5 $14 exf5 38. d5 (38. Ke2 $14) 38... Nc4 39. Bd4 {[%emt 0:00:08] [#] Hoping for b3.} Kg6 40. b3 g4+ 41. hxg4 Nd2+ 42. Ke2 {[%emt 0:06:57] Strongly threatening g5.} fxg4 ({Don't play} 42... Nxb3 43. gxf5+ Kxf5 44. Rf1+ Kg6 45. Rf6+ Kg7 46. Kd3 $16) 43. d6 Nxb3 44. Nd5 Bg5 (44... Kf5 $5 45. Bb2 Ke6 $11) 45. Be3 Nc5 46. Rd4 Kf5 {[%emt 0:17:59] Weighted Error Value: White=0.11 (very precise) /Black=0.08 (flawless)} 1/2-1/2

[Event "1st Serbian League 2022"]
[Site "Vrnjacka Banja"]
[Date "2022.09.22"]
[Round "3.8"]
[White "Gokerkan, Cem Kaan"]
[Black "Stojanovic, Mihajlo"]
[Result "1-0"]
[ECO "C13"]
[WhiteElo "2465"]
[BlackElo "2494"]
[Annotator "TA"]
[PlyCount "85"]
[EventDate "2022.09.20"]
[EventType "team-tourn"]
[EventCountry "SRB"]
[SourceTitle "playchess.com"]
[Source "ChessBase"]
[SourceQuality "1"]
[TimeControl "40/5400+30:1800+30"]

1. e4 e6 2. d4 d5 3. Nc3 Nf6 4. Bg5 dxe4 5. Nxe4 Nbd7 6. Nf3 h6 7. Bxf6 Nxf6 8. Bd3 c5 9. Qe2 {[%emt 0:07:02] C13: French: Classical System: 4 Bg5 Be7, Alekhine-Chatard Attack.} Qa5+ 10. c3 cxd4 11. Nxf6+ {[%emt 0:10:49] White is slightly better.} gxf6 12. Bb5+ {[%emt 0:00:05] [#]} Ke7 $146 (12... Bd7 $14 13. Bxd7+ (13. Nxd4 Bxb5 14. Qxb5+ Qxb5 $11) 13... Kxd7) ({Predecessor:} 12... Bd7 13. Bxd7+ Kxd7 14. O-O-O Rd8 15. Qc4 Bd6 16. Rxd4 Ke7 17. Rhd1 Qc7 18. Qe2 Bc5 19. Rxd8 Rxd8 20. Rxd8 Qxd8 {½-½ (36) Alvir,A (2399)-Neubauer,M (2369) Frohnleiten 2000}) 13. Nxd4 $16 a6 14. b4 (14. Nf5+ Kd8 15. Qd3+ Kc7 16. Qg3+ Kb6 17. Qe3+ Kc7 18. Qg3+ (18. Qf4+ $2 e5 $19) 18... Kb6 19. Qe3+ Kc7 20. Qg3+ $15 (20. Qf4+ $2 e5 $19)) 14... Qb6 15. Ba4 {[%emt 0:02:11] aiming for Nf5+. White has more active pieces. The black rooks are badly placed.} (15. Nf5+ $6 Kd8 16. Qd3+ Kc7 17. Qg3+ Bd6 18. Nxd6 Qxd6 $11) 15... Bg7 (15... Bd7 $1 $14 16. Bxd7 (16. Nf5+ Ke8 $14) 16... Kxd7) 16. Nf5+ $1 $18 Kf8 {[%emt 0:01:04] [#]} 17. Rd1 $1 Qc7 {[%emt 0:02:25] [#]} (17... Kg8 18. Nd6) 18. O-O $2 b5 $11 19. Nxg7 Kxg7 20. Bc2 {[%emt 0:00:44] Hoping for Qg4+.} f5 {[%emt 0:06:31] Prevents Qg4+.} 21. Rd3 Bb7 22. Qh5 Rad8 23. Rfd1 Rxd3 24. Rxd3 Qe5 25. Rg3+ Kf8 26. h3 Qf6 27. Qd1 Ke7 {[%emt 0:00:10] Prevents Qd6+.} 28. Qd2 f4 29. Rd3 {[%emt 0:00:43] And now Rd7+ would win.} Bc6 {[%emt 0:00:03] Against Rd7+} 30. Rd6 Rc8 (30... Bd5 $5 31. Rxa6 Rd8 32. Ra7+ Kf8 $11) 31. f3 Kf8 {[%emt 0:02:58] [#]} (31... Bd5 $11 32. Rxa6 Rxc3) 32. Rd4 $1 $16 e5 33. Rd6 Qg5 {[%emt 0:00:13] [#]} 34. Qf2 (34. Kf1 $1 $16) 34... Kg7 $2 (34... Bb7 $11 {and Black stays safe.}) 35. h4 $2 (35. Qa7 $18 {Rg6+ is the strong threat.} e4 36. Bb3 (36. fxe4 f3 $14) (36. Bxe4 Bxe4 37. Qd4+ Kg8 $11)) 35... Qe7 (35... Qg3 $1 $14) 36. Qc5 $18 {[%emt 0:00:37][%cal Od6g6] Black must now prevent Rg6+!} Qxh4 37. Qxe5+ ({Inferior is} 37. Rxc6 Qe1+ 38. Kh2 Qh4+ 39. Kg1 Qe1+ 40. Kh2 Qh4+ 41. Kg1 $11) 37... Kg8 $2 (37... Kf8) 38. Bb3 {[%emt 0:00:46] White wants to mate with Rg6+.} ({Worse is} 38. Rxc6 Rxc6 39. Qe8+ Kg7 40. Qxc6 Qe1+ 41. Kh2 Qh4+ 42. Kg1 Qe1+ 43. Kh2 Qh4+ 44. Kg1 $11) 38... Kf8 39. Qh8+ $2 (39. Rf6 $18 Be8 40. Rxf4 Qxf4 41. Qxf4) 39... Ke7 $11 40. Qe5+ $40 {[%emt 0:00:03][%mdl 8320] White has some attack.} (40. Qxc8 $11 Qe1+ 41. Kh2 Qg3+ 42. Kh1 Qh4+ 43. Kg1 Qe1+ 44. Kh2 Qg3+ 45. Kh1 Qh4+ 46. Kg1) 40... Kf8 $18 41. Rf6 {[%emt 0:07:48] White is clearly winning.} Be8 42. Rxf4 Qg5 43. Qd6+ {[%emt 0:00:07] Weighted Error Value: White=0.44/Black=0.32} 1-0

[Event "1st Serbian League 2022"]
[Site "Vrnjacka Banja"]
[Date "2022.09.22"]
[Round "3.9"]
[White "Pezelj, Novak"]
[Black "Arsovic, Goran"]
[Result "1/2-1/2"]
[ECO "B50"]
[WhiteElo "2496"]
[BlackElo "2362"]
[Annotator "TA"]
[PlyCount "28"]
[EventDate "2022.09.20"]
[EventType "team-tourn"]
[EventCountry "SRB"]
[SourceTitle "playchess.com"]
[Source "ChessBase"]
[SourceQuality "1"]
[TimeControl "40/5400+30:1800+30"]

1. e4 c5 2. Nf3 d6 3. Nc3 Nf6 4. e5 dxe5 5. Nxe5 Bd7 6. Bc4 {[%emt 0:13:20][%csl Ge5][%cal Rc4f7] [#] B50: Sicilian: 2...d6, Miscellaneous.} e6 7. O-O Nc6 8. f4 {[%emt 0:01:57] [#] The position is equal.} Bd6 $146 ({Predecessor:} 8... a6 9. a4 Qc7 10. Re1 Bd6 11. Nxd7 Qxd7 12. d3 O-O-O 13. Ne4 Nd5 {1-0 (68) Zukerfeld,A-Dorin,J Pehuajo 1978}) 9. Nxd7 Qxd7 10. d3 Be7 11. a3 Nd4 12. Be3 b5 13. Ba2 Rd8 14. Kh1 Qb7 {[%emt 0:45:44] Weighted Error Value: White=0.15 (very precise) /Black=0.07 (flawless)} 1/2-1/2

[Event "1st Serbian League 2022"]
[Site "Vrnjacka Banja"]
[Date "2022.09.22"]
[Round "3.10"]
[White "Ristic, Nenad"]
[Black "Ratkovic, Milovan"]
[Result "1/2-1/2"]
[ECO "B27"]
[WhiteElo "2267"]
[BlackElo "2411"]
[Annotator "TA"]
[PlyCount "123"]
[EventDate "2022.09.20"]
[EventType "team-tourn"]
[EventCountry "SRB"]
[SourceTitle "playchess.com"]
[Source "ChessBase"]
[SourceQuality "1"]
[TimeControl "40/5400+30:1800+30"]

1. e4 c5 2. Nf3 g6 3. d4 cxd4 4. Qxd4 Nf6 5. Nc3 Nc6 6. Qa4 d6 7. e5 dxe5 8. Nxe5 {[%emt 0:00:03] next Bc4 is good for White.} Bg7 {[%emt 0:00:41] B27: Sicilian: 2 Nf3, unusual Black 2nd moves.} 9. Bb5 O-O 10. Nxc6 bxc6 11. Bxc6 Rb8 12. O-O Qc7 13. Re1 Rb6 (13... Ng4 14. Bf4 e5 15. Nd5 $16) 14. Nd5 Nxd5 15. Bxd5 Bxb2 16. Bxb2 Rxb2 17. Bb3 {[%emt 0:01:14] Strongly threatening Qd4.} Qc5 {[%emt 0:00:32] [#] Prevents Qd4.} 18. Qh4 $146 ({Predecessor:} 18. Qe4 Be6 19. Bxe6 fxe6 20. Qxe6+ Rf7 21. Re2 Rxc2 22. Rb1 a5 23. h4 Kg7 24. Rf1 a4 25. Rxc2 Qxc2 26. Qe5+ Kg8 27. Qd5 Kg7 28. Qd4+ Kg8 29. a3 {½-½ (29) Trofimov,V (2400)-Tleptsok,R (2467) ICCF email 2014}) 18... Be6 19. h3 Bxb3 20. cxb3 Re8 21. Qf4 e5 22. Qe3 (22. Qf3 {seems wilder.} e4 23. Qf6 Rc2 24. Qf4) 22... Qxe3 23. Rxe3 $11 {[%emt 0:00:11][%mdl 4096] Endgame KRR-KRR} Rd8 24. a3 Rdd2 25. Rf1 f6 26. g4 Kf7 27. g5 fxg5 28. Rxe5 Rxb3 29. Ra5 Rxh3 30. Rxa7+ Kf6 {[%emt 0:00:34] Threatens to win with ...g4.} 31. Rb1 Rd6 $1 {[%emt 0:01:10] Prevents Rb6. White must now prevent ...h5.} 32. Kg2 g4 {[%emt 0:02:09] ...h5 is the strong threat.} 33. a4 h5 {[%emt 0:01:09] Hoping for ...Ra3.} 34. a5 $2 (34. Rab7 $17) 34... Ra3 $2 (34... Rd2 $19 {has better winning chances. And now ...Rf3 would win.} 35. Rb5 Rf3 36. Ra6+ Kg7) 35. Rb6 $17 Rxb6 36. axb6 {[%emt 0:00:10] KR-KR} Rb3 37. Rb7 Kg5 38. Rb8 Kh4 39. b7 g5 ({Black should play} 39... Rb2 $17 40. Rg8 Rxb7 41. Rxg6 Rb2) 40. Kf1 $11 Rb5 41. Ke2 $2 (41. Kg2 $11) 41... Re5+ $2 (41... Rb1 $1 $19 42. Ke3 Rb4) 42. Kf1 $1 Rb5 43. Ke2 $2 {[%emt 0:05:42][%mdl 8192] [#]} (43. Kg2 $11) 43... Rb1 $1 $19 44. Kd2 Rb6 $2 (44... g3 45. fxg3+ Kxg3 46. Rg8 Rxb7 47. Rxg5+ Kh4 48. Rg1 $17) (44... Kh3 $19 45. Rh8 g3 46. fxg3 Rxb7 47. Rxh5+ Kg4) 45. Ke2 $1 $11 Re6+ 46. Kf1 $1 {[%emt 0:00:00] Intending Rd8 and mate.} Re7 ({Don't play} 46... Rb6 47. Ke2 $17) 47. Kg2 Rf7 48. Kg1 $1 Rd7 49. Kf1 Rd1+ $2 (49... g3 $11 50. fxg3+ (50. Kg2 gxf2 51. Kxf2 g4 $19) 50... Kg4) 50. Ke2 $19 Rb1 51. Kd2 $1 {[%emt 0:00:00] [#]} g3 $2 ({Better is} 51... Kh3 $1 $19 52. Rh8 g3 53. fxg3 (53. Rxh5+ $2 Kg4 $19) 53... Rxb7 54. Rxh5+ Kg4) 52. fxg3+ $11 {[%emt 0:00:00] The position is equal.} Kxg3 53. Rg8 $1 Rxb7 {[%emt 0:00:19] ( -> ...g4)} 54. Rxg5+ Kh4 55. Rg1 Re7 56. Re1 Rf7 {[%emt 0:00:03] aiming for ...Kg3.} 57. Rh1+ Kg4 58. Rg1+ Kh4 59. Rh1+ $1 Kg5 60. Rg1+ Kh6 61. Ke2 h4 62. Rf1 {[%emt 0:00:00] Weighted Error Value: White=0.37/Black=0.49} 1/2-1/2

[Event "1st Serbian League 2022"]
[Site "Vrnjacka Banja"]
[Date "2022.09.22"]
[Round "3.11"]
[White "Ratkovic, Miloje"]
[Black "Mijailovic, Zoran"]
[Result "1/2-1/2"]
[ECO "D05"]
[WhiteElo "2498"]
[BlackElo "2345"]
[Annotator "TA"]
[PlyCount "40"]
[EventDate "2022.09.20"]
[EventType "team-tourn"]
[EventCountry "SRB"]
[SourceTitle "playchess.com"]
[Source "ChessBase"]
[SourceQuality "1"]
[TimeControl "40/5400+30:1800+30"]

1. d4 Nf6 2. Nf3 e6 3. e3 c5 4. Bd3 d5 5. O-O c4 {[%emt 0:04:14] The position is equal.} 6. Be2 {[%emt 0:00:07] D05: Colle System with ...e6.} b5 7. b3 Bb7 8. a4 a6 9. c3 Nc6 10. Nbd2 Be7 11. Ba3 O-O 12. Qc2 Bxa3 13. Rxa3 {[%emt 0:00:05] [#]} Qe7 $146 ({Predecessor:} 13... Qd6 14. b4 Nd7 15. e4 e5 16. dxe5 Ndxe5 17. Nxe5 Nxe5 18. f4 Qb6+ 19. Rf2 dxe4 {0-1 (40) Arribas Lopez,A (2463)-Khamrakulov,I (2517) Sanxenxo 2012}) 14. Raa1 Rfc8 15. axb5 axb5 16. bxc4 bxc4 17. e4 Rxa1 18. Rxa1 Ra8 19. Rxa8+ Bxa8 20. e5 Ne8 {[%emt 0:02:04] Not much happened in this game.  Weighted Error Value: White=0.04 (flawless) /Black=0.03 (flawless)} 1/2-1/2

[Event "1st Serbian League 2022"]
[Site "Vrnjacka Banja"]
[Date "2022.09.22"]
[Round "3.12"]
[White "Todorovic, Jovan"]
[Black "Dimic, Pavle"]
[Result "1/2-1/2"]
[ECO "B88"]
[WhiteElo "2350"]
[BlackElo "2352"]
[Annotator "TA"]
[PlyCount "39"]
[EventDate "2022.09.20"]
[EventType "team-tourn"]
[EventCountry "SRB"]
[SourceTitle "playchess.com"]
[Source "ChessBase"]
[SourceQuality "1"]
[TimeControl "40/5400+30:1800+30"]

1. e4 c5 2. Nf3 d6 3. d4 cxd4 4. Nxd4 Nf6 5. Nc3 Nc6 6. Bc4 e6 7. Be3 a6 8. Bb3 Qc7 9. f4 Be7 10. Qf3 O-O 11. O-O-O b5 12. g4 {[%emt 0:18:33] B88: Sicilian: Sozin Attack.} (12. Nxc6 $11 {was preferrable.} Qxc6 13. e5 Qxf3 14. gxf3 dxe5 15. fxe5) 12... b4 $1 {[%emt 0:32:46] [#]} {Predecessor:} 13. Na4 $146 Bb7 14. Nxe6 fxe6 15. Bxe6+ Kh8 16. Bb6 Qb8 17. g5 Ng8 18. h4 Qe8 19. Bb3 Bd8 20. Rxd6 {0-1 (32) Almasi,I (2370)-Howell,J (2495) Budapest 1994} 1/2-1/2

[Event "1st Serbian League 2022"]
[Site "Vrnjacka Banja"]
[Date "2022.09.22"]
[Round "3.13"]
[White "Budisavljevic, Luka"]
[Black "Ioannidis, Evgenios"]
[Result "1/2-1/2"]
[ECO "D02"]
[WhiteElo "2524"]
[BlackElo "2486"]
[Annotator "TA"]
[PlyCount "45"]
[EventDate "2022.09.20"]
[EventType "team-tourn"]
[EventCountry "SRB"]
[SourceTitle "playchess.com"]
[Source "ChessBase"]
[SourceQuality "1"]
[TimeControl "40/5400+30:1800+30"]

1. d4 Nf6 2. Nf3 d5 3. Bf4 c5 4. e3 Nc6 5. Nbd2 e6 6. c3 Nh5 $1 {[%emt 0:00:28][%mdl 4] 6...Nh5 is setting a new trend.} 7. Bg5 {[%emt 0:02:29] D02: 1 d4 d5 2 Nf3 sidelines, including 2...Nf6 3 g3 and 2...Nf6 3 Bf4.} f6 8. Bh4 g6 9. Bd3 {[%emt 0:01:05][%cal Of3e5] The position is equal.} cxd4 10. cxd4 Bd6 {[%emt 0:00:19] Prevents Ne5.} 11. Rc1 O-O 12. O-O Bd7 13. a3 Rc8 {[%emt 0:02:44] [#]} 14. b4 $146 ({Predecessor:} 14. Rc3 Qb6 15. Qb1 Ne7 16. Rxc8 Bxc8 17. Rc1 Nf5 18. Bg3 Nhxg3 19. hxg3 Bd7 20. Rc3 Rc8 21. Rb3 Qc7 22. Rc3 Qb6 23. Rb3 Qc7 24. Rc3 {½-½ (24) Svane,R (2637)-Sarana,A (2685) Germany 2022}) 14... a5 (14... Be8 {feels hotter.} 15. g4 g5 16. gxh5 gxh4 17. Nxh4 f5) 15. b5 Ne7 16. a4 (16. Rxc8 $11 Qxc8 17. g4) 16... Rxc1 $15 {[%emt 0:01:51] Black is slightly better.} 17. Qxc1 g5 18. Bg3 Nxg3 19. hxg3 g4 20. Ne1 f5 21. Be2 Ng6 22. Nd3 b6 23. Nf4 {[%emt 0:14:05] Weighted Error Value: White=0.10 (very precise) /Black=0.03 (flawless)} 1/2-1/2

[Event "1st Serbian League 2022"]
[Site "Vrnjacka Banja"]
[Date "2022.09.22"]
[Round "3.14"]
[White "Damljanovic, Branko"]
[Black "Puranik, Abhimanyu"]
[Result "0-1"]
[ECO "B41"]
[WhiteElo "2436"]
[BlackElo "2603"]
[Annotator "TA"]
[PlyCount "96"]
[EventDate "2022.09.20"]
[EventType "team-tourn"]
[EventCountry "SRB"]
[SourceTitle "playchess.com"]
[Source "ChessBase"]
[SourceQuality "1"]
[TimeControl "40/5400+30:1800+30"]

1. Nf3 Nf6 2. c4 c5 3. Nc3 Nc6 4. e4 e6 5. Be2 Qc7 6. d4 cxd4 7. Nxd4 a6 8. a3 {[%emt 0:08:41] B41: Sicilian: Kan Variation: 5 c4.} Nxd4 {[%emt 0:04:10] 8...Bc5 is setting a new trend.} 9. Qxd4 {[%emt 0:00:15] aiming for e5.} Bd6 {[%emt 0:00:53][%cal Bf8d6,Bd6c5,Bc5d4][%mdl 32] Prevents e5.} 10. Qe3 {[%emt 0:04:27] White is slightly better.} O-O 11. f4 Bc5 {[%emt 0:00:36] [#]} 12. Qg3 $146 ({Predecessor:} 12. Qd3 d5 13. b4 dxe4 14. Nxe4 Nxe4 15. Qxe4 f5 16. Qf3 Bd4 17. Rb1 b5 18. Bb2 {0-1 (61) Liebert,H-Shamkovich,L Sochi 1967}) 12... b5 13. e5 (13. cxb5 axb5 14. e5 (14. Bxb5 d5 $17) 14... Nd5 15. Nxd5 exd5 $15) 13... Ne8 14. b4 Bd4 15. Qd3 (15. Bb2 $1 $11 {and White has nothing to worry.} bxc4 16. O-O-O) 15... Qxc4 $19 16. Qxc4 bxc4 17. Bb2 Bb7 $36 {[%emt 0:01:03][%mdl 2048] White is under strong pressure.} 18. h4 (18. Rd1 $142 Bxg2 19. Rxd4 Bxh1 20. Rxd7) 18... f6 19. Na4 (19. Nd1 {was necessary.} Ba7 20. Bxc4) 19... fxe5 (19... Bxg2 20. Rh2 Bxb2 21. Nxb2 $17) 20. fxe5 Bxg2 (20... Bxb2 21. Nxb2 c3 22. Nc4 $17) 21. Bxd4 {[%emt 0:02:49] [#] Hoping for Rg1.} Bxh1 22. Nb6 Rd8 (22... Rf4 23. Nxa8 Rxd4 24. Nb6 $17) 23. Bxc4 Nc7 24. Bc5 Rf4 25. O-O-O Bc6 ({Stronger than} 25... Rxh4 26. Be7 Rxc4+ 27. Nxc4 $17) 26. Bb3 Kf7 27. h5 Rb8 28. Bc2 Nd5 29. Nxd5 Bxd5 30. Bxh7 Rf3 31. Rd4 a5 (31... Rxa3 $2 32. Rf4+ Ke8 33. Rf8#) 32. Kd2 ({But not} 32. Bg6+ Kg8 33. Rd3 Rf4 $17) 32... axb4 (32... Rxa3 $2 {gets mated.} 33. Rf4+ Ke8 34. Rf8#) 33. Bxb4 Bc6 ({Black should try} 33... g5 $17 {And now ...Kg7 would win.} 34. hxg6+ Kg7) 34. Ke2 $2 {[%emt 0:01:21] [#]} (34. Rg4 $1 $15) 34... Rb5 $1 35. Bg6+ (35. Rxd7+ {was the only defense.} Bxd7 36. Kxf3) 35... Kg8 36. Bd6 Rh3 {[%emt 0:04:52] Threatens to win with ...Rb2+.} 37. Rb4 {[%emt 0:00:24] Inhibits Rb2+.} (37. Rf4 $142 Rb2+ 38. Ke1 Re3+ 39. Kd1) 37... Rxa3 38. Rxb5 Bxb5+ {[%emt 0:00:07][%mdl 4096] Endgame KRB-KB} 39. Kf2 Rb3 40. Kg2 Bc6+ 41. Kh2 Bf3 42. Be8 Bg4 43. Bxd7 $2 (43. Bg6) 43... Kf7 44. h6 gxh6 {[%emt 0:00:33][%cal Bg7h6,Bh6h5,Bh5h4][%mdl 32] ( -> ...Rc3)} 45. Ba4 Re3 (45... Rc3 $142 46. Bb5 h5 47. Ba6 h4 48. Kg1 Rb3 49. Bf1 h3 50. Kh2 Rf3 51. Kg1 h2+ 52. Kxh2 Rxf1 53. Kg3 Bh5 54. Kg2 Rf3 55. Kg1 Kg6 56. Kh2 Kf5 57. Kg1 Kf4 58. Bb4 Kxe5 59. Be1 Kf4 60. Kh2 e5 61. Bd2+ Kf5 62. Bh6 e4 63. Kg1 e3 64. Kh1 e2 65. Bd2 Kg4 66. Kh2 Bg6 67. Kg2 Rf1 68. Bh6 Be4+ 69. Kh2 Rh1#) 46. Bc6 h5 {[%emt 0:00:11] Black mates.} 47. Kg2 h4 48. Kf2 Re2+ {[%emt 0:00:07] Weighted Error Value: White=0.83/Black=0.34} 0-1

[Event "1st Serbian League 2022"]
[Site "Vrnjacka Banja"]
[Date "2022.09.22"]
[Round "3.15"]
[White "Gagunashvili, Merab"]
[Black "Tadic, Branko"]
[Result "*"]
[ECO "B77"]
[WhiteElo "2552"]
[BlackElo "2455"]
[Annotator "TA"]
[PlyCount "40"]
[EventDate "2022.09.20"]
[EventType "team-tourn"]
[EventCountry "SRB"]
[SourceTitle "playchess.com"]
[Source "ChessBase"]
[SourceQuality "1"]
[TimeControl "40/5400+30:1800+30"]

1. e4 c5 2. Nf3 Nc6 3. Nc3 g6 4. d4 cxd4 5. Nxd4 Bg7 6. Be3 Nf6 7. Bc4 O-O 8. Bb3 d6 9. f3 Bd7 10. Qd2 Na5 11. Bh6 {[%emt 0:03:09] B77: Sicilian Dragon: Yugoslav Attack, 9 Bc4 sidelines.} Nxb3 12. axb3 Bxh6 13. Qxh6 Qb6 14. Rd1 {[%emt 0:11:48] [#] An interesting draw.} {Predecessor:} Rac8 $146 15. h4 e5 16. Nde2 Be6 17. g4 Bxg4 18. fxg4 Nxg4 19. Qg5 Rxc3 20. bxc3 Nf2 {1-0 (39) Michelakos,P (2244)-Gkogkas,D (2038) Rio Achaea 2018} *